 Dungeon Sprint DCSS version 0.28-a0-1510-gd0f6b136d3 (webtiles) character file.

Game seed: 5507635311242917330

39197 mhtbhm the Executioner (level 13, -4/169 (204) HPs)
             Began as a Minotaur Fighter on Jan 15, 2022.
             Was the Champion of Qazlal.
             Killed from afar by a Tzitzimitl (52 damage)
             ... with a bolt of negative energy
             ... summoned by Ereshkigal
             ... in the Dungeon (Sprint VII: "The Pits").
             The game lasted 00:10:04 (5177 turns).

mhtbhm the Executioner (Minotaur Fighter)           Turns: 5177, Time: 00:10:04

HP:   -4/169 (204)  AC: 28    Str: 36    XL:     13   Next: 67%
MP:   21/21         EV: 12    Int:  5    God:    Qazlal [******]
Gold: 45            SH: 21    Dex:  9    Spells: 12/12 levels left

rFire   . . .      SeeInvis +   a - +1 broad axe of Ru's Outrage {venom, rPois Will- Str+6 Stlth+}
rCold   . . .      Faith    .   c - +0 buckler
rNeg    . . .      Spirit   .   b - +6 storm dragon scales
rPois   +          Reflect  +   (helmet restricted)
rElec   +          Harm     .   H - +1 cloak
rCorr   .          Rampage  .   s - +0 pair of gloves
Will    .....      NoTele   +   (no boots)
Stlth   ..........              E - amulet of reflection
HPRegen 0.38/turn               n - +3 ring of strength
MPRegen 0.17/turn               C - ring of see invisible

@: mighty, berserking (expiring), hasted, heavily drained, repel missiles, very
quick
A: horns 2, retaliatory headbutt, low mp 1
a: Renounce Religion, Upheaval, Elemental Force, Disaster Area


You were in the Dungeon.
You worshipped Qazlal.
Qazlal was exalted by your worship.
You visited 1 branch You collected 45 gold pieces.

Inventory:

Hand Weapons
 a - the +1 broad axe of Ru's Outrage (weapon) {venom, rPois Will- Str+6 Stlth+}
   (You found it in the Dungeon)

   It poisons the flesh of those it strikes.
   Str:       It affects your strength (+6).
   rPois:     It protects you from poison.
   Will:      It decreases your willpower.
   Stlth:     It makes you more stealthy.
 u - the +9 heavy crossbow "Sniper" {vorpal, Acc+∞ SInv}
   (You found it in the Dungeon)

   Any ammunition fired from it inflicts extra damage upon your enemies.
   Any ammunition fired from it never misses its target.
   SInv:      It lets you see invisible.
 J - a +5 broad axe of venom
Missiles
 I - 238 bolts
Armour
 b - +6 storm dragon scales (worn)
 c - a +0 buckler (worn)
 s - a +0 pair of gloves (worn)
 H - a +1 cloak (worn)
Jewellery
 n - a +3 ring of strength (left hand)
 p - an amulet of the acrobat
 B - a ring of protection from cold
 C - a ring of see invisible (right hand)
 E - an amulet of reflection (around neck)
Wands
 q - a wand of iceblast (4)
Scrolls
 l - 5 scrolls of amnesia
 m - a scroll of summoning
 v - 4 scrolls of enchant armour
 w - 2 scrolls of fog
 x - 2 scrolls of enchant weapon
 y - 2 scrolls of fear
 z - a scroll of identify
Potions
 d - 3 potions of might
 e - 6 potions of curing
 f - 6 potions of heal wounds
 g - 2 potions of haste
 h - 4 potions of magic
 i - 3 potions of berserk rage
 k - a potion of invisibility
 o - 2 potions of brilliance
 r - 4 potions of mutation
 t - a potion of resistance
Miscellaneous
 F - a phantom mirror
 G - a phial of floods


   Skills:
 + Level 18.5 Fighting
 + Level 21.7 Axes
 + Level 18.2 Armour
 + Level 8.9 Dodging
 + Level 4.8 Stealth
 + Level 20.1 Shields
 * Level 16.8 Invocations


You had 12 spell levels left.
You didn't know any spells.
Your spell library contained the following spells:

 Spells                   Type           Power      Damage    Failure   Level
 Tukima's Dance           Hex            0%         N/A       99%         3
 Anguish                  Hex/Necr       0%         N/A       100%        4
 Iskenderun's Battlesphe  Conj           0%         2d6       100%        5
 Iron Shot                Conj/Erth      0%         9d1       100%        6
 Enfeeble                 Hex            0%         N/A       100%        7
 Spellforged Servitor     Conj/Summ      0%         N/A       100%        7


Dungeon Overview and Level Annotations

Branches:
Dungeon (1/1)

Altars:
Ashenzari
Cheibriados
Dithmenos
Elyvilon
Fedhas
Gozag
Hepliaklqana
Kikubaaqudgha
Makhleb
Nemelex Xobeh
Okawaru
Qazlal
Ru
Sif Muna
Trog
Uskayaw
Vehumet
Wu Jian
Xom
Yredelemnul
Zin
The Shining One
Beogh
Jiyva
Lugonu

Annotations:
D Ereshkigal


Innate Abilities, Weirdness & Mutations

You have a pair of horns on your head.
You reflexively headbutt those who attack you in melee.
Your magical capacity is low. (-10% MP)


Message History

Unknown command.
You completely miss Ereshkigal. Your headbutt misses Ereshkigal.
Ereshkigal is moderately wounded.
You block Ereshkigal's attack.
Unknown command.
You closely miss Ereshkigal.
Ereshkigal is moderately wounded.
Ereshkigal hits you but does no damage.
Unknown command.
You miss Ereshkigal. Your headbutt misses Ereshkigal.
Ereshkigal is moderately wounded.
You block Ereshkigal's attack.
Unknown command.
You miss Ereshkigal.
Ereshkigal is moderately wounded.
Unknown command.
You miss Ereshkigal.
Ereshkigal is moderately wounded.
You block Ereshkigal's attack.
Unknown command.
You completely miss Ereshkigal.
Ereshkigal is lightly wounded.
You block Ereshkigal's attack.
Unknown command.
You closely miss Ereshkigal.
Ereshkigal is lightly wounded.
You miss Ereshkigal.
Ereshkigal is lightly wounded.
Ereshkigal hits you but does no damage.
You completely miss Ereshkigal. Your headbutt misses Ereshkigal.
Ereshkigal is lightly wounded.
You block Ereshkigal's attack.
Unknown command.
You miss Ereshkigal.
Ereshkigal is lightly wounded.
The Tzitzimitl gestures at you.
The bolt of negative energy hits Ereshkigal.
Ereshkigal completely resists.
The bolt of negative energy hits you!!!
You feel drained.
You die...

,,,**,,,,,,,,,*#1#
,,,,**,,,,,,,,*#'#
,,,,,**,,,,,,,*#&#
,,,,,,**+**+***#'#
*,,,,,,,,,,,,,*#.#
,*,,,,,,,,,,,,*#§#
*,,,,,,,,,,,,,*#1#
,,,,,,*****++**#&#
,,,,,**,,,*,,,*#@#
,,,,**,,,,+,,,*#§#
,,,**,,,,,*,,,*#§#
***************#§#
################'#
..............)..#
.............))).#
'##############).#
)...#[['...'[[#..#


You could see Ereshkigal and a Tzitzimitl (summoned).

Vanquished Creatures
  A royal mummy (D)
  A Killer Klown (D)
  A pearl dragon (D)
  A frost giant (D)
  2 orc warlords (D)
  An apis (D)
  A yellow draconian (D)
  A fire dragon (D)
  A yaktaur captain (D)
  2 vault guards (D)
  A hydra (D)
  2 naga warriors (D)
  An anaconda (D)
  A dancing weapon (D)
  An orc high priest (D)
  2 deep elf knights (D)
  A shadow wraith (D)
  2 spriggan druids (D)
  12 orc knights (D)
  2 sea snakes (D)
  2 lindwurms (D)
  A bog body (D)
  A necromancer (D)
  A phantasmal warrior (D)
  An orc sorcerer (D)
  A moth of wrath (D)
  3 elephants (D)
  Maurice (D)
  A black mamba (D)
  A rust devil (D)
  2 cane toads (D)
  A kobold demonologist (D)
  A demonic crawler (D)
  An ice devil (D)
  2 hellwings (D)
  A komodo dragon (D)
  A merfolk (D)
  A wind drake (D)
  A polar bear (D)
  4 slime creatures (D)
  2 tyrant leeches (D)
  9 blink frogs (D)
  4 dream sheep (D)
  A snapping turtle (D)
  2 ynoxinuls (D)
  2 vampires (D)
  A small abomination (D)
  A fire elemental (D)
  A neqoxec (D)
  A redback (D)
  3 wargs (D)
  2 orc warriors (D)
  A sky beast (D)
  An ice beast (D)
  3 wolves (D)
  A kobold brigand (D)
  2 scorpions (D)
  A quasit (D)
  A gnoll shaman (D)
  An iron imp (D)
  2 mummies (D)
  4 gnolls (D)
  2 river rats (D)
  A white imp (D)
  2 ufetubi (D)
  An adder zombie (D)
  An adder skeleton (D)
  2 worms (D)
  An adder simulacrum (D)
  8 orcs (D)
  2 bat skeletons (D)
  A giant cockroach (D)
  4 goblins (D)
  2 hobgoblins (D)
  2 jackals (D)
  A quokka (D)
  A ball python simulacrum (D)
  A ball python skeleton (D)
  A ball python zombie (D)
  A giant cockroach zombie (D)
145 creatures vanquished.

Notes
Turn   | Place    | Note
-------+----------+-------------------------------------------
     0 | D        | mhtbhm the Minotaur Fighter began the quest for the Orb.
     0 | D        | Reached XP level 1. HP: 19/19 MP: 0/0
    15 | D        | Reached XP level 2. HP: 23/28 MP: 1/1
    19 | D        | Found a bloodstained altar of Trog.
    19 | D        | Found a shimmering blue altar of Sif Muna.
    19 | D        | Found a viscous altar of Jiyva.
    19 | D        | Found a hazy altar of Hepliaklqana.
    19 | D        | Found an opulent altar of Gozag.
    20 | D        | Found a glowing golden altar of the Shining One.
    20 | D        | Found a glowing silver altar of Zin.
    20 | D        | Found a basalt altar of Yredelemnul.
    20 | D        | Found a shimmering altar of Xom.
    20 | D        | Found an ornate altar of the Wu Jian Council.
    20 | D        | Found a sacrificial altar of Ru.
    20 | D        | Found a stormy altar of Qazlal.
    20 | D        | Found an iron altar of Okawaru.
    20 | D        | Found a sparkling altar of Nemelex Xobeh.
    20 | D        | Found a burning altar of Makhleb.
    20 | D        | Found a blossoming altar of Fedhas.
    20 | D        | Found a white marble altar of Elyvilon.
    20 | D        | Found a shadowy altar of Dithmenos.
    20 | D        | Found a snail-covered altar of Cheibriados.
    22 | D        | Found a radiant altar of Vehumet.
    22 | D        | Found a corrupted altar of Lugonu.
    23 | D        | Found a hide-covered altar of Uskayaw.
    23 | D        | Found an ancient bone altar of Kikubaaqudgha.
    23 | D        | Found a broken altar of Ashenzari.
    27 | D        | Became a worshipper of Qazlal Stormbringer
   177 | D        | Reached * piety under Qazlal
   289 | D        | Reached ** piety under Qazlal
   290 | D        | Reached skill level 5 in Fighting
   290 | D        | Reached skill level 3 in Axes
   290 | D        | Reached skill level 5 in Armour
   290 | D        | Reached skill level 5 in Shields
   292 | D        | Noticed a sky beast
   298 | D        | Killed a sky beast
   299 | D        | Reached skill level 4 in Axes
   299 | D        | Reached skill level 1 in Dodging
   299 | D        | Reached XP level 3. HP: 26/38 MP: 2/2
   299 | D        | Reached XP level 4. HP: 31/45 MP: 3/3
   449 | D        | Noticed a kobold brigand
   460 | D        | Reached XP level 5. HP: 52/52 MP: 4/4
   467 | D        | Reached *** piety under Qazlal
   468 | D        | Reached skill level 5 in Axes
   485 | D        | Reached **** piety under Qazlal
   527 | D        | Noticed a hellwing
   558 | D        | Killed a hellwing
   559 | D        | Reached skill level 7 in Axes
   559 | D        | Reached skill level 10 in Armour
   559 | D        | Reached XP level 6. HP: 36/63 MP: 5/5
   693 | D        | Noticed an ice beast
   702 | D        | Reached ***** piety under Qazlal
   711 | D        | Killed an ice beast
   712 | D        | Reached skill level 1 in Invocations
   712 | D        | Reached XP level 7. HP: 53/70 MP: 5/7
   791 | D        | Noticed a komodo dragon
   791 | D        | Noticed a sea snake
   811 | D        | Reached skill level 8 in Axes
   816 | D        | Killed a sea snake
   817 | D        | Reached skill level 10 in Fighting
   817 | D        | Reached skill level 9 in Axes
   817 | D        | Reached skill level 10 in Shields
   817 | D        | Reached XP level 8. HP: 60/79 MP: 4/10
   820 | D        | Killed a komodo dragon
   876 | D        | Got the +1 broad axe of Ru's Outrage {venom, rPois Will-
                  | Str+6 Stlth+}
  1060 | D        | Noticed a cane toad
  1067 | D        | Killed a cane toad
  1068 | D        | Reached skill level 10 in Axes
  1068 | D        | Reached skill level 5 in Invocations
  1069 | D        | Reached skill level 5 in Dodging
  1120 | D        | Noticed a snapping turtle
  1127 | D        | Noticed a necromancer
  1134 | D        | Killed a snapping turtle
  1134 | D        | Reached ****** piety under Qazlal
  1137 | D        | Killed a necromancer
  1138 | D        | Reached skill level 11 in Axes
  1138 | D        | Reached XP level 9. HP: 64/86 MP: 12/12
  1150 | D        | Noticed an orc high priest
  1160 | D        | Gained mutation: Your magical capacity is low. (-10% MP) [a
                  | neqoxec]
  1166 | D        | Noticed an orange demon
  1166 | D        | Killed an orc high priest
  1167 | D        | Reached skill level 12 in Axes
  1566 | D        | Noticed an orc sorcerer
  1568 | D        | Noticed a sixfirhy
  1571 | D        | Noticed a hellwing
  1573 | D        | Killed an orc sorcerer
  1679 | D        | Noticed an ice devil
  1688 | D        | Killed an ice devil
  1689 | D        | Reached skill level 13 in Axes
  1700 | D        | Noticed an elephant
  1701 | D        | Noticed an elephant
  1702 | D        | Noticed an elephant
  1707 | D        | Killed an elephant
  1708 | D        | Reached XP level 10. HP: 91/97 MP: 13/13
  1711 | D        | Killed an elephant
  1712 | D        | Reached skill level 14 in Axes
  1712 | D        | Killed an elephant
  1766 | D        | Noticed a spriggan druid
  1768 | D        | Noticed a five-headed hydra
  1770 | D        | Noticed a phantasmal warrior
  1772 | D        | Noticed a sea snake
  1774 | D        | Killed a seven-headed hydra
  1777 | D        | Killed a sea snake
  1778 | D        | Reached skill level 15 in Axes
  1779 | D        | Killed a spriggan druid
  1783 | D        | Killed a phantasmal warrior
  1784 | D        | Reached skill level 15 in Armour
  1976 | D        | Noticed a lindwurm
  1982 | D        | Killed a lindwurm
  1983 | D        | Reached skill level 16 in Axes
  1983 | D        | Reached skill level 10 in Invocations
  1995 | D        | Reached XP level 11. HP: 107/107 MP: 15/15
  2003 | D        | Noticed a bog body
  2015 | D        | Killed a bog body
  2016 | D        | Reached skill level 15 in Shields
  2019 | D        | Killed a shadow wraith
  2020 | D        | Reached skill level 17 in Axes
  2056 | D        | Noticed a lindwurm
  2062 | D        | Killed a lindwurm
  2115 | D        | Noticed an orc knight
  2116 | D        | Noticed a soul eater
  2123 | D        | Reached skill level 18 in Axes
  2124 | D        | Killed an orc knight
  2313 | D        | Noticed Maurice
  2334 | D        | Reached skill level 19 in Axes
  2336 | D        | Reached XP level 12. HP: 62/118 MP: 8/17
  2350 | D        | Killed Maurice
  2600 | D        | Reached skill level 15 in Fighting
  2787 | D        | Noticed an anaconda
  2787 | D        | Noticed a fire dragon
  2787 | D        | Noticed an apis
  2790 | D        | Killed an anaconda
  2799 | D        | Killed a fire dragon
  2805 | D        | Killed an apis
  2900 | D        | Noticed an orc warlord
  2901 | D        | Noticed an orc warlord
  2906 | D        | Reached skill level 20 in Axes
  2910 | D        | Killed an orc warlord
  2911 | D        | Reached skill level 1 in Stealth
  2912 | D        | Killed an orc warlord
  3092 | D        | Noticed a yaktaur captain
  3102 | D        | Noticed a vault guard
  3109 | D        | Killed a yaktaur captain
  3110 | D        | Reached skill level 15 in Invocations
  3110 | D        | Killed a vault guard
  3115 | D        | Reached XP level 13. HP: 79/130 MP: 19/21
  3415 | D        | Noticed a frost giant
  3431 | D        | Killed a frost giant
  3775 | D        | Reached skill level 21 in Axes
  4200 | D        | Found the +9 heavy crossbow "Sniper" {vorpal, Acc+∞ SInv}
  4431 | D        | Noticed a royal mummy
  4434 | D        | Noticed an emperor scorpion
  4434 | D        | Noticed an emperor scorpion
  4453 | D        | Killed a royal mummy
  4816 | D        | Noticed a pearl dragon
  4822 | D        | Killed a pearl dragon
  4958 | D        | Noticed a yellow draconian
  4967 | D        | Killed a yellow draconian
  5008 | D        | Noticed a Killer Klown
  5031 | D        | Killed a Killer Klown
  5146 | D        | Noticed Ereshkigal
  5148 | D        | Noticed a Tzitzimitl
  5153 | D        | Paralysed by Ereshkigal for 3 turns
  5177 | D        | Killed from afar by a Tzitzimitl

Illustrated notes

Levels and vault maps discovered:
D:        pitsprint [storerooms_1, entrance_room_1, metal_vault_6, armoury_2,
          mini_pit_1, grid_room_1, main_hall_1, silver_pit, the_coven_2,
          the_vestibule_1, steel_vault_4, golden_pit, hallway_of_sentries,
          crystal_vault_3, iron_vault_3, final_vault]

Skill      XL: |  1  2  3  4  5  6  7  8  9 10 11 12 13 |
---------------+----------------------------------------+-----
Fighting       | 4 6 7 9 10 11 13 14 16 18 | 18.5
Armour         | 4 7 10 11 13 14 15 17 18 | 18.2
Shields        | 4 6 7 9 10 12 13 14 16 18 20 | 20.1
Axes           | 4 7 9 11 13 16 19 20 21 | 21.7
Dodging        | 1 2 3 4 5 6 8 |  8.9
Invocations    | 1 4 6 8 10 12 15 16 | 16.8
Stealth        | 3 4 |  4.8

Action                   |  1- 3 |  4- 6 |  7- 9 | 10-12 | 13-15 || total
-------------------------+-------+-------+-------+-------+-------++-------
Melee: War axe           |     2 |       |       |       |       ||     2
       Hand axe          |    15 |    65 |    22 |       |       ||   102
       Headbutt          |     2 |    11 |    12 |    35 |    17 ||    77
       Broad axe         |       |       |    45 |   155 |   112 ||   312
Invok: Upheaval          |       |       |     1 |     1 |       ||     2
       Disaster Area     |       |       |       |     6 |     1 ||     7
  Use: Potion            |       |     1 |     5 |     2 |     5 ||    13
       Scroll            |       |       |       |       |     4 ||     4
 Stab: Invisible         |       |       |       |     5 |       ||     5
Armor: Scale mail        |     4 |       |       |       |       ||     4
       Chain mail        |       |    26 |    27 |    55 |     7 ||   115
       Storm dragon scal |       |       |       |       |    22 ||    22
Dodge: Dodged            |     6 |    16 |    16 |    47 |    26 ||   111
       Repelled          |       |       |       |       |     2 ||     2
Block: Buckler           |     2 |    39 |    39 |   125 |    77 ||   282
       Reflection        |       |       |       |     1 |     2 ||     3

Table legend: (Time is in decaauts)
 A = Elapsed time spent in this place.
 B = Non-inter-level travel time spent in this place.
 C = Inter-level travel time spent in this place.
 D = Time resting spent in this place.
 E = Time spent auto-exploring this place.
 F = Levels seen in this place.
 G = Mean time per level.
                   A        B        C        D        E       F      G
               +--------+--------+--------+--------+--------+-----+--------+
         Total |   5127 |   5127 |      0 |   3378 |     17 |   1 | 5127.0 |
       Dungeon |   5127 |   5127 |      0 |   3378 |     17 |   1 | 5127.0 |
               +--------+--------+--------+--------+--------+-----+--------+

Top non-repeatable levels by time:
       D: 5127 daAuts
